 Dungeon Crawl Stone Soup version 0.22.1-1-ga44c0e5 (webtiles) character file.

28226 Stooge the Fencer (level 13, -2/96 HPs)
             Began as a Minotaur Fighter on Aug 22, 2018.
             Was the Champion of Okawaru.
             Slain by a two-headed ogre
             ... wielding a +0 giant club
              (3 damage)
             ... on level 13 of the Dungeon on Sept 26, 2018.
             The game lasted 01:11:36 (16513 turns).

Stooge the Fencer (Minotaur Fighter)               Turns: 16513, Time: 01:11:37

Health: -2/96      AC: 17    Str: 31    XL:     13   Next: 8%
Magic:  12/12      EV:  4    Int:  9    God:    Okawaru [******]
Gold:   93         SH:  8    Dex: 12    Spells: 12/12 levels left

rFire    + . .     SeeInvis .   S - +1 scimitar (flame)
rCold    . . .     Gourm    .   c - +0 shield
rNeg     . . .     Faith    .   Y - +3 plate armour {rPois}
rPois    +         Spirit   .   q - +0 hat
rElec    .         Reflect  .   Z - +1 cloak "Zyklook" {rF+ Int+4}
rCorr    .         Harm     .   (no gloves)
MR       .....                  N - +1 pair of boots {run}
Stlth    ..........             s - amulet of rage
HPRegen  0.26/turn              F - +4 ring of strength
MPRegen  0.13/turn              j - +3 ring of strength

@: extremely drained, quick
A: retaliatory headbutt, horns 2
a: Heroism, Finesse, Renounce Religion, Evoke Berserk Rage


You were on level 13 of the Dungeon.
You worshipped Okawaru.
Okawaru was exalted by your worship.
You were hungry.

You visited 2 branches of the dungeon, and saw 15 of its levels.
You also visited: Ossuary.

You collected 1197 gold pieces.
You spent 1104 gold pieces at shops.

Inventory:

Hand Weapons
 S - a +1 scimitar of flaming (weapon)
Armour
 c - a +0 shield (worn)
 l - the +4 leather armour of Duty {*Slow +Inv rElec SInv, unknown}
   (You found it on level 13 of the Dungeon)

   It insulates you from electricity.
   It lets you see invisible.
   It lets you turn invisible.
   It may slow you when you take damage.
 m - a scarf of resistance
 q - a +0 hat (worn)
 N - a +1 pair of boots of running (worn)
 Y - a +3 plate armour of poison resistance (worn)
 Z - the +1 cloak "Zyklook" (worn) {rF+ Int+4}
   (You bought it in a shop on level 12 of the Dungeon)

   It affects your intelligence (+4).
   It protects you from fire.
Jewellery
 i - an uncursed ring of poison resistance
 j - a +3 ring of strength (right hand)
 s - an amulet of rage (around neck)
 F - a +4 ring of strength (left hand)
 Q - an uncursed ring of protection from magic
 R - an uncursed ring of protection from cold
Wands
 a - a wand of acid (10)
 k - a wand of flame (27)
 t - a wand of random effects (43)
 J - a wand of clouds (3)
 V - a wand of digging (17)
Scrolls
 g - a scroll of identify
 r - 4 scrolls of remove curse
 y - 3 scrolls of enchant weapon
 G - 3 scrolls of enchant armour
 L - 2 scrolls of blinking
 T - a scroll of fear
Potions
 b - a potion of lignification {unknown}
 d - 2 potions of might
 e - 6 potions of curing
 h - 2 potions of magic
 o - a potion of resistance {unknown}
 v - 2 potions of berserk rage
 x - a potion of cancellation {unknown}
 B - 5 potions of agility
 C - a potion of haste
 H - 3 potions of flight {unknown}
 I - a potion of brilliance
 M - 3 potions of heal wounds
 U - a potion of degeneration {unknown}
 X - a potion of ambrosia {unknown}
Comestibles
 f - 19 rations


   Skills:
 - Level 3.7(0.0) Fighting
 * Level 17.6(0.0) Long Blades
 + Level 13.4(0.0) Armour
 + Level 13.5(0.0) Shields


You had 12 spell levels left.
You didn't know any spells.
Your spell library contained the following spells:

 Spells                   Type           Power        Failure   Level  Hunger
 Sublimation of Blood     Necr           #.........   100%        2    ###....
 Ignite Poison            Fire/Tmut/Pois #.......     100%        3    ####...
 Petrify                  Tmut/Erth      #.......     100%        4    #####..
 Alistair's Intoxication  Tmut/Pois      #.......     100%        5    ######.
 Irradiate                Conj/Tmut      #.........   100%        5    ######.


Dungeon Overview and Level Annotations

Branches:
Dungeon (14/15)            Temple (1/1) D:4             Orc (0/2) D:11
 Vaults (0/5) D:14
   Lair: D:8-11

Altars:
Ashenzari
Cheibriados
Dithmenos
Elyvilon
Fedhas
Gozag
Hepliaklqana
Kikubaaqudgha
Makhleb
Nemelex Xobeh
Okawaru
Qazlal
Ru
Sif Muna
Trog
Uskayaw
Vehumet
Wu Jian
Xom
Yredelemnul
Zin
The Shining One

Shops:
D:4 (   D:12 *   D:14 *

Annotations:
D:14 Sonja


Innate Abilities, Weirdness & Mutations

You reflexively headbutt those who attack you in melee.
You have a pair of horns on your head.


Message History

The two-headed ogre hits you with a giant club.
The two-headed ogre hits you but does no damage.
Your shield and plate armour prevent you from hitting the two-headed ogre.
You headbutt the two-headed ogre.
The two-headed ogre is moderately wounded.
The two-headed ogre hits you but does no damage.
The two-headed ogre hits you with a giant club!
You closely miss the two-headed ogre. You headbutt the two-headed ogre.
The two-headed ogre is moderately wounded.
You block the two-headed ogre's attack.
The two-headed ogre hits you with a giant club!
* * * LOW HITPOINT WARNING * * *
You hit the two-headed ogre. You burn the two-headed ogre.
The two-headed ogre is moderately wounded.
The two-headed ogre hits you with a giant club!
* * * LOW HITPOINT WARNING * * *
The two-headed ogre hits you with a giant club!
* * * LOW HITPOINT WARNING * * *
The two-headed ogre hits you with a giant club.
You die...

# ##### # #...# #### #### #...#
##..# ...# ##### #.@.# #...#
##.### #...# #..O# ##..## #
.....## #...# #...# #...# #
#.....###...###...# ####..## #
#......##....##...###.....# #
#....#.......##.......###.#######
#............##....#.###.........
#..####....#..#....#.#.....######
#..# ##...##..##................


You could see a two-headed ogre.

Vanquished Creatures
  A vault guard (D:14)
  3 centaur warriors
  2 two-headed ogres
  2 tengu warriors (D:13)
  3 unseen horrors
  The ghost of Monsterracer the Grappler, a novice CeCj of Hepliaklqana (D:7)
  Pikel (D:6)
  A manticore (D:9)
  6 ugly things
  A deep elf mage (D:12)
  3 cyclopes
  Psyche (D:11)
  Maurice (D:9)
  Joseph (D:8)
  2 centaur skeletons
  A gargoyle (D:11)
  A redback zombie (D:13)
  2 trolls (D:11)
  A hornet (D:12)
  Prince Ribbit (D:9)
  8 slime creatures
  4 hippogriffs
  A centaur simulacrum (D:14)
  2 shadows
  A wraith (D:10)
  5 yaks (D:10)
  A steam dragon (D:9)
  Menkaure (D:5)
  A warg (D:10)
  3 acid dragons
  8 orc warriors
  2 slaves (D:6)
  3 sky beasts
  8 ice beasts
  2 black bears
  2 phantoms
  4 ogres
  An eye of draining (D:11)
  2 wolves (D:8)
  5 boggarts
  13 centaurs
  11 bullfrogs
  A big kobold (D:14)
  2 gnoll sergeants
  2 elf zombies (Ossuary)
  A wyvern zombie (D:8)
  A jelly (D:9)
  4 scorpions
  A water moccasin skeleton (D:8)
  7 killer bees
  7 wights
  3 howler monkeys
  A bullfrog zombie (D:11)
  A centaur zombie (D:10)
  11 crimson imps
  A human zombie (Ossuary)
  14 hounds
  13 orc priests
  Crazy Yiuf (D:7)
  2 bullfrog skeletons
  20 orc wizards
  9 iguanas
  11 worker ants
  3 big kobold zombies (Ossuary)
  2 mummies (Ossuary)
  A hound zombie (D:6)
  Robin (D:3)
  A worker ant zombie (D:9)
  8 adders
  11 gnolls
  A shadow imp (D:7)
  4 white imps (D:7)
  3 oozes
  An adder skeleton (D:5)
  5 worms
  4 leopard geckos
  66 orcs
  3 ball pythons
  10 bats
  5 giant cockroaches
  14 goblins
  11 hobgoblins
  13 jackals
  18 kobolds
  4 quokkas
  6 frilled lizards
  6 gnoll zombies
  2 hobgoblin zombies (Ossuary)
  A leopard gecko skeleton (D:6)
  2 orc zombies (Ossuary)
  A quokka skeleton (D:5)
  A quokka zombie (D:6)
  8 rats
  A fungus (D:7)
453 creatures vanquished.

Vanquished Creatures (others)
  2 yaks (D:14)
  A slave (D:6)
  A bullfrog zombie (D:6)
  An orc (D:6)
5 creatures vanquished.

Grand Total: 458 creatures vanquished

Notes
Turn   | Place    | Note
-------+----------+-------------------------------------------
     0 | D:1      | Stooge the Minotaur Fighter began the quest for the Orb.
     0 | D:1      | Reached XP level 1. HP: 19/19 MP: 0/0
   185 | D:1      | Reached XP level 2. HP: 27/27 MP: 1/1
   323 | D:1      | Reached skill level 3 in Long Blades
   381 | D:1      | Reached XP level 3. HP: 33/33 MP: 2/2
   712 | D:2      | Found a snail-covered altar of Cheibriados.
   820 | D:2      | Found a basalt altar of Yredelemnul.
   839 | D:2      | Found a shadowy altar of Dithmenos.
   886 | D:2      | Reached XP level 4. HP: 18/40 MP: 3/3
  1027 | D:2      | Reached skill level 4 in Long Blades
  1122 | D:2      | Found an ancient bone altar of Kikubaaqudgha.
  1273 | D:3      | Noticed Robin
  1286 | D:3      | Killed Robin
  1286 | D:3      | Reached XP level 5. HP: 43/46 MP: 4/4
  1424 | D:3      | Found a bloodstained altar of Trog.
  1781 | D:3      | Reached skill level 5 in Long Blades
  1781 | D:3      | Reached skill level 5 in Armour
  1781 | D:3      | Reached skill level 5 in Shields
  1997 | D:4      | Found a staircase to the Ecumenical Temple.
  2006 | Temple   | Entered the Ecumenical Temple
  2256 | D:4      | Reached XP level 6. HP: 33/52 MP: 5/5
  2293 | D:4      | Found Weip's Weapon Emporium.
  2506 | D:4      | Reached skill level 6 in Long Blades
  2821 | D:4      | Reached XP level 7. HP: 48/58 MP: 6/6
  2860 | D:5      | Entered Level 5 of the Dungeon
  2882 | D:5      | Found a hide-covered altar of Uskayaw.
  2902 | D:5      | Noticed Menkaure
  2905 | D:5      | Killed Menkaure
  2905 | D:5      | Reached skill level 7 in Long Blades
  2919 | D:5      | Found a sand-covered staircase.
  2924 | Ossuary  | Entered an ossuary
  3063 | Ossuary  | Reached skill level 8 in Long Blades
  3262 | D:5      | Reached XP level 8. HP: 66/66 MP: 7/7
  3273 | D:5      | Found a glowing silver altar of Zin.
  3333 | D:5      | Found a shattered altar of Ashenzari.
  3347 | D:5      | Found an iron altar of Okawaru.
  3358 | D:5      | Found a sacrificial altar of Ru.
  3379 | D:5      | Became a worshipper of Warmaster Okawaru
  3584 | D:6      | Found a white marble altar of Elyvilon.
  3681 | D:6      | Reached skill level 9 in Long Blades
  3883 | D:6      | Noticed Pikel
  3899 | D:6      | Killed Pikel
  3899 | D:6      | Reached * piety under Okawaru
  3899 | D:6      | Reached skill level 10 in Long Blades
  3899 | D:6      | Reached XP level 9. HP: 30/71 MP: 8/8
  4197 | D:6      | Found a shimmering altar of Xom.
  4253 | D:6      | Found a radiant altar of Vehumet.
  4398 | D:6      | Found a stormy altar of Qazlal.
  4594 | D:7      | Noticed Monsterracer's ghost (novice CeCj)
  4600 | D:7      | Reached skill level 11 in Long Blades
  4630 | D:7      | Reached ** piety under Okawaru
  4680 | D:7      | Found a runed gate.
  4680 | D:7      | Found a runed gate.
  4680 | D:7      | Found a runed gate.
  4731 | D:7      | Killed Monsterracer's ghost
  5009 | D:7      | Reached skill level 12 in Long Blades
  5090 | D:7      | Reached XP level 10. HP: 78/78 MP: 9/9
  5121 | D:7      | Reached *** piety under Okawaru
  5447 | D:7      | Found a runed door.
  5451 | D:7      | Noticed Crazy Yiuf
  5457 | D:7      | Killed Crazy Yiuf
  5868 | D:8      | Noticed Joseph
  5887 | D:8      | Killed Joseph
  6018 | D:8      | Reached skill level 10 in Shields
  6284 | D:8      | Reached **** piety under Okawaru
  6284 | D:8      | Reached skill level 10 in Armour
  6735 | D:8      | Reached skill level 13 in Long Blades
  7099 | D:9      | Noticed Maurice
  7127 | D:9      | Killed Maurice
  7243 | D:9      | Noticed a manticore
  7257 | D:9      | Killed a manticore
  7257 | D:9      | Reached ***** piety under Okawaru
  7669 | D:9      | Reached XP level 11. HP: 69/83 MP: 10/10
  7787 | D:9      | Noticed a seven-headed hydra
  8013 | D:9      | Noticed Prince Ribbit
  8024 | D:9      | Killed Prince Ribbit
  8024 | D:9      | Received a gift from Okawaru
  8024 | D:9      | Reached skill level 14 in Long Blades
  8147 | D:9      | Noticed a two-headed ogre
  8171 | D:9      | Killed a two-headed ogre
  8253 | D:9      | Received a gift from Okawaru
  8302 | D:9      | Identified a +1 pair of boots of running (Okawaru gifted it
                  | to you on level 9 of the Dungeon)
  8561 | D:10     | Entered Level 10 of the Dungeon
  9024 | D:10     | Noticed Sonja
  9327 | D:11     | Noticed a green ugly thing
  9348 | D:10     | Killed a green ugly thing
  9770 | D:11     | Noticed a centaur warrior
  9781 | D:11     | Killed a centaur warrior
  9781 | D:11     | Reached skill level 15 in Long Blades
 10973 | D:11     | Found a staircase to the Orcish Mines.
 11499 | D:11     | Killed an unseen horror
 11828 | D:12     | Noticed Psyche
 11850 | D:11     | Killed Psyche
 11850 | D:11     | Reached XP level 12. HP: 68/91 MP: 11/11
 12543 | D:11     | Reached skill level 16 in Long Blades
 13217 | D:12     | HP: 4/91 [acid (17)]
 14083 | D:12     | Received a gift from Okawaru
 14196 | D:12     | Found Rintir's Assorted Antiques.
 14473 | D:12     | Bought a lumpy golden potion for 25 gold pieces
 14473 | D:12     | Bought a runed plate armour for 728 gold pieces
 14473 | D:12     | Bought a shimmering cloak for 266 gold pieces
 14473 | D:12     | Identified the +1 cloak "Zyklook" {rF+ Int+4} (You bought
                  | it in a shop on level 12 of the Dungeon)
 14646 | D:13     | Noticed a centaur warrior
 14658 | D:13     | Killed a centaur warrior
 14867 | D:13     | Noticed a tengu warrior
 14867 | D:13     | Noticed a tengu warrior
 14896 | D:13     | Killed a tengu warrior
 14910 | D:13     | Killed a tengu warrior
 14950 | D:13     | Noticed a two-headed ogre
 14956 | D:13     | Killed a two-headed ogre
 14956 | D:13     | Reached skill level 17 in Long Blades
 15003 | D:13     | Got a polished leather armour
 15006 | D:13     | Upgraded the game from 0.22.0-27-ga576289 to
                  | 0.22.1-1-ga44c0e5
 15766 | D:14     | Noticed a vault guard
 15769 | D:14     | Killed a vault guard
 15769 | D:14     | Reached XP level 13. HP: 87/96 MP: 12/12
 15773 | D:14     | Found a gate to the Vaults.
 16022 | D:14     | Found Nybos's General Store.
 16034 | D:14     | Bought a potion of heal wounds for 85 gold pieces
 16140 | D:14     | HP: 1/96 [centaur warrior (9)]
 16143 | D:14     | Reached ****** piety under Okawaru
 16143 | D:14     | Received a gift from Okawaru
 16513 | D:13     | HP: 1/96 [two-headed ogre/giant club (7)]
 16513 | D:13     | Slain by a two-headed ogre

Skill      XL: |  1  2  3  4  5  6  7  8  9 10 11 12 |
---------------+-------------------------------------+-----
Shields        | 4 5 6 8 9 10 12 13 | 13.5
Armour         | 4 5 6 8 9 10 12 13 | 13.4
Long Blades    | 3 4 5 6 8 10 12 13 15 17 | 17.6
Fighting       | |  3.7

Action                   |  1- 3 |  4- 6 |  7- 9 | 10-12 | 13-15 || total
-------------------------+-------+-------+-------+-------+-------++-------
Melee: Long sword        |    84 |   195 |   383 |   810 |       ||  1472
       Headbutt          |    13 |    39 |    98 |   285 |    15 ||   450
       Scimitar          |       |       |       |   189 |    58 ||   247
  Use: Scroll            |       |       |    16 |     8 |     1 ||    25
       Potion            |       |       |     3 |     6 |     1 ||    10
  Eat: Chunk             |       |     3 |     4 |    25 |     1 ||    33
       Ration            |       |     1 |     1 |     3 |       ||     5
Armor: Scale mail        |    28 |    84 |   117 |   363 |       ||   592
       Plate armour      |       |       |       |    69 |    87 ||   156
Dodge: Dodged            |    23 |    40 |    88 |   228 |    26 ||   405
Block: Shield            |    41 |   104 |   183 |   543 |    65 ||   936
       Rpst.: Long sword |     5 |    16 |    29 |    40 |       ||    90
       Scimitar          |       |       |       |     9 |     6 ||    15
